 Dungeon Crawl Stone Soup version 0.25-a0-435-g4b9beb1 (webtiles) character file.

Game seed: 5283914405001867241, levelgen mode: deterministic

116 2tousent the Ruffian (level 4, -1/35 HPs)
             Began as a Draconian Transmuter on Jan 27, 2020.
             Slain by a bullfrog skeleton (5 damage)
             ... on level 4 of the Dungeon.
             The game lasted 00:05:52 (1848 turns).

2tousent the Ruffian (Draconian Transmuter)         Turns: 1848, Time: 00:05:52

Health: -1/35      AC:  2    Str: 13    XL:     4   Next: 69%
Magic:  1/7        EV: 20    Int: 13    God:
Gold:   68         SH:  0    Dex: 17    Spells: 3/8 levels left

rFire    . . .     SeeInvis .     - Unarmed
rCold    . . .     Gourm    .   (shield currently unavailable)
rNeg     . . .     Faith    .   (armour unavailable)
rPois    x         Spirit   .   (helmet currently unavailable)
rElec    .         Reflect  .   (cloak currently unavailable)
rCorr    .         Harm     .   (gloves currently unavailable)
MR       .....                  (boots currently unavailable)
Stlth    ++........             d - amulet of regeneration (curse)
HPRegen  0.51/turn              (no ring)
MPRegen  0.10/turn              (no ring)

@: spider-form, very slightly contaminated
A: tiny, unfitting armour, AC +5
a: End Transformation


You were on level 4 of the Dungeon.
You were hungry.
You were a venomous arachnid creature.
You visited 1 branch of the dungeon, and saw 4 of its levels.

You collected 68 gold pieces.

Inventory:

Missiles
 a - 39 arrows
 e - a throwing net (quivered)
Jewellery
 d - a cursed amulet of regeneration (around neck)
Scrolls
 f - a scroll of enchant armour
 h - a scroll of enchant weapon
 i - a scroll of remove curse
Potions
 b - a potion of cancellation
 g - 3 potions of curing {unknown}
Comestibles
 c - 4 rations


   Skills:
 - Level 1.1 Fighting
 + Level 2.4 Dodging
 * Level 4.0 Unarmed Combat
 + Level 2.6 Spellcasting
 * Level 3.1 Transmutations


You had 3 spell levels left.
You knew the following spells:

 Your Spells              Type           Power        Failure   Level  Hunger
b - Spider Form           Tmut/Pois      #.........   58%         3    ###....
c - Sticks to Snakes      Tmut           #.......     24%         2    ###....

Your spell library contained the following spells:

 Spells                   Type           Power        Failure   Level  Hunger
 Beastly Appendage        Tmut           #.....       19%         1    #......
 Ice Form                 Ice/Tmut       #.......     90%         4    #####..
 Blade Hands              Tmut           #.........   96%         5    ######.


Dungeon Overview and Level Annotations

Branches:
Dungeon (4/15)
 Temple: D:4-7

Altars:
Kikubaaqudgha

Portals:
Abyss: D:3

Annotations:
D:3 2 transporters, malesh's ghost, amateur GrGl


Innate Abilities, Weirdness & Mutations

((Your plain brown scales are hard. (AC +5)))
You cannot fit into any form of body armour.
((You are cold-blooded and may be slowed by cold attacks.))


Message History

* * * LOW HITPOINT WARNING * * *
The bullfrog skeleton hits you but does no damage.
You hit the bullfrog skeleton but do no damage.
The bullfrog skeleton is severely damaged.
The bullfrog skeleton hits you but does no damage.
Casting: Spider Form (slightly dangerous; 36% risk of failure)
Confirm with . or Enter, or press ? or * to list all spells.
You miscast Spider Form.
You are very lightly contaminated with residual magic.
You feel a strange surge of energy!
You are feeling hungry.
The bullfrog skeleton misses you.
Casting: Spider Form (slightly dangerous; 36% risk of failure)
Confirm with . or Enter, or press ? or * to list all spells.
You turn into a venomous arachnid creature.
The bullfrog skeleton misses you.
You hit the bullfrog skeleton.
The bullfrog skeleton is almost destroyed.
The bullfrog skeleton hits you.
You die...

# # # ### ..### ....#########
############
#.#.........#######......§...#
#..########....Zs##.........O#
##.## ######...........§.#
##.<# ####..^..§....# ###.#
#....####### #.# #.#### #.#
#..# #.# #..## ..# .... #♣♣
.###.


You could see a bullfrog skeleton.

Vanquished Creatures
  6 adders
  A worm (D:3)
  2 dart slugs
  A leopard gecko (D:3)
  10 orcs (D:3)
  2 giant cockroaches (D:3)
  3 goblins
  5 hobgoblins
  A quokka (D:2)
  5 bats
  3 frilled lizards
  3 kobolds
  3 rats
45 creatures vanquished.

Notes
Turn   | Place    | Note
-------+----------+-------------------------------------------
     0 | D:1      | 2tousent the Draconian Transmuter began the quest for the
                  | Orb.
     0 | D:1      | Reached XP level 1. HP: 16/16 MP: 3/3
   625 | D:2      | Reached XP level 2. HP: 13/23 MP: 5/5
   630 | D:2      | Learned a level 2 spell: Sticks to Snakes
   805 | D:2      | Reached XP level 3. HP: 25/28 MP: 6/6
   810 | D:2      | Learned a level 3 spell: Spider Form
  1045 | D:2      | Found an ancient bone altar of Kikubaaqudgha.
  1426 | D:3      | Reached XP level 4. HP: 35/35 MP: 3/7
  1537 | D:3      | Reached skill level 4 in Unarmed Combat
  1579 | D:3      | Noticed a toenail golem
  1580 | D:3      | Found a one-way gate to the infinite horrors of the Abyss.
  1580 | D:3      | Noticed malesh's ghost (amateur GrGl)
  1580 | D:3      | Noticed a small abomination
  1591 | D:3      | Found a transporter.
  1591 | D:3      | Noticed a small abomination
  1592 | D:3      | Found a transporter.
  1825 | D:4      | Noticed an ogre
  1848 | D:4      | Slain by a bullfrog skeleton

Levels and vault maps discovered:
D:1:      minmay_arrival_hallway, layout_loops_ring
D:2:      layout_basic, lemuel_doored_altar
D:3:      layout_rooms, gammafunk_ghost_abyssal_escape
D:4:      layout_rooms, good_gods_temple_1, vehumet_statue, first_ration,
          glass_columns_c, hangedman_minor_gate_pass

Skill      XL: |  1  2  3  4 |
---------------+-------------+-----
Dodging        | 2 |  2.4
Unarmed Combat | 4 |  4.0
Transmutations | 3 |  3.1
Fighting       | |  1.1
Spellcasting   | |  2.6

Action                   |  1- 3 |  4- 6 || total
-------------------------+-------+-------++-------
Melee: Unarmed           |   112 |    70 ||   182
       Tailslap          |    12 |     6 ||    18
       Punch             |     1 |     2 ||     3
 Cast: Spider Form       |     4 |     2 ||     6
  Use: Scroll            |     5 |       ||     5
 Stab: Sleeping          |     1 |       ||     1
  Eat: Chunk             |     3 |     1 ||     4
Armor: Skin              |    22 |    31 ||    53
Dodge: Dodged            |    68 |    60 ||   128

Table legend:
 A = Non-vault XP
 B = Vault XP
 C = Vault XP percentage of total XP
 D = Non-vault monster count
 E = Vault monster count
 F = Vault count percentage of total count
                 A         B        C        D         E       F
            +---------+---------+-------+---------+---------+-------
      Total |     166 |       0 |   0.0 |      45 |       0 |   0.0
            +---------+---------+-------+---------+---------+-------
        D:1 |       5 |       0 |   0.0 |       5 |       0 |   0.0
        D:2 |      66 |       0 |   0.0 |      18 |       0 |   0.0
        D:3 |      95 |       0 |   0.0 |      22 |       0 |   0.0
            +---------+---------+-------+---------+---------+-------
